 Dungeon Crawl Stone Soup version 0.31-a0-1074-g0b22e4e0f1 (webtiles) character file.

Game seed: 2030345060842250099

24 lunkers the Insei (level 3, -2/28 HPs)
             Began as a Meteoran Shapeshifter on Nov 30, 2023.
             Killed by divine providence
             ... invoked by an orc priest
              (8 damage)
             ... on level 2 of the Dungeon.
             The game lasted 00:01:53 (402 turns).

lunkers the Insei (Meteoran Shapeshifter)            Turns: 402, Time: 00:01:54

Health: -2/28      AC:  2    Str: 15    XL:     3   Next: 32%
Magic:  4/4        EV: 12    Int: 11    God:
Gold:   23         SH:  0    Dex: 16    Spells: 2/2 levels left

rFire   . .          .
                       - Unarmed
rCold   . . .        (no shield)
rNeg    . . .        a - +0 animal skin
rPois   .            (helmet currently unavailable)
rElec   .            (cloak currently unavailable)
rCorr   .            (gloves currently unavailable)
SInv    .            (boots currently unavailable)
Will    .....        (no amulet)
Stlth   +            (no ring)
HPRegen 0.24/turn    (no ring)
MPRegen 0.09/turn

%: no passive effects
@: beast-form, glowing
A: beast (slay +2), sense surroundings 1, otherworldly, glowing, explore regen
a: Begin Untransformation


You were on level 2 of the Dungeon.
You were a hulking beast.
You visited 1 branch of the dungeon, and saw 2 of its levels.

You collected 23 gold pieces.

Inventory:

Armour
 a - a +0 animal skin (worn)
 h - a +0 plate armour
Talismans
 c - a beast talisman
 d - a flux talisman
Scrolls
 g - a scroll of silence {unknown}
 i - a scroll of noise {unknown}
 j - a scroll of amnesia {unknown}
Potions
 b - a potion of lignification
 e - a potion of ambrosia {unknown}
 f - a potion of brilliance {unknown}


   Skills:
 - Level 1.1 Fighting
 - Level 2.1 Dodging
 * Level 4.5 Unarmed Combat
 + Level 4.0 Shapeshifting


You had 2 spell levels left.
You didn't know any spells.
Your spell library was empty.

Dungeon Overview and Level Annotations

Branches:
Dungeon (2/15) Zot: 795

Altars:


Innate Abilities, Weirdness & Mutations

You are a hulking beast.
Your limbs bulge with bestial killing power. (Slay +2)
You passively map a small area around you.
You are easily found by Zot.
You glow in the dark.
You regain HP and MP as you explore.


Message History

You punch the giant cockroach!
You kill the giant cockroach!
j - a scroll labelled YLAIH GUNEERO An orc and a goblin come into view.
The orc is wielding a +1 short sword of freezing.
The orc shouts!
The goblin shouts!
You hear a shout!
An orc priest comes into view. It is wielding a +0 war axe.
An orc comes into view. It is wielding a +0 short sword.
A hobgoblin comes into view.
An orc comes into view. It is wielding a +0 short sword.
An orc priest comes into view. It is wielding a +0 whip.
The orc priest shouts! x2; The orc shouts!
There are monsters nearby!
The orc hits you with a +1 short sword of freezing.
The orc freezes you.
You closely miss the orc. The orc barely misses you.
You hit the orc.
The orc is lightly wounded.
The orc closely misses you.
You hit the orc.
The orc is severely wounded.
The orc hits you but does no damage.
You barely miss the orc.
The orc is severely wounded.
The orc completely misses you.
You hit the orc.
The orc is severely wounded.
The orc hits you but does no damage.
You closely miss the orc.
The orc is severely wounded.
The orc hits you with a +1 short sword of freezing.
The orc freezes you.
The orc priest mumbles some strange prayers to Beogh against you.
Beogh smites you!
* * * LOW HITPOINT WARNING * * *
You closely miss the orc.
The orc is severely wounded.
The orc priest calls down the wrath of Beogh upon you.
Beogh smites you!
You die...

, .......* , *
*,o.g.... ,,
###oo..o..* ,,,
#.o..g.... * *
#o######## , *
#.# ,
#####g######## *
#....og......# **
* #....h.......#
* * ,
#..............#
* ##
##.............##
.<
#.####.........#
.... * #. *
#####.##### .#..#
*. *
#.###<#...... ,,
, #...........# ,
, #.......##..# ,
, #...........


You could see an orc priest, 2 orcs, a hobgoblin and a goblin.

Vanquished Creatures
  A dart slug (D:1)
  2 giant cockroaches
  A goblin (D:1)
  3 hobgoblins (D:1)
  2 jackals (D:1)
  3 ball pythons (D:1)
  3 bats (D:1)
  A kobold (D:1)
  6 rats (D:1)
22 creatures vanquished.

Notes
Turn   | Place    | Note
-------+----------+-------------------------------------------
     0 | D:1      | lunkers the Meteoran Shapeshifter began the quest for the
                  | Orb.
     0 | D:1      | Reached XP level 1. HP: 16/16 MP: 2/2
    32 | D:1      | Reached XP level 2. HP: 16/23 MP: 3/3
   175 | D:1      | Reached XP level 3. HP: 15/28 MP: 4/4
   402 | D:2      | Killed from afar by an orc priest

Illustrated notes

Levels and vault maps discovered:
D:1:      lightli_arrival_boilingwater, layout_basic,
          nicolae_concentric_dashed_squares_wild
D:2:      layout_basic, ebering_ecumenical_altar_hall, moated_statue,
          uniq_jessica, uniq_robin

Skill      XL: |  1  2  3 |
---------------+----------+-----
Unarmed Combat | 4 |  4.5
Shapeshifting  | 4 |  4.0
Fighting       | |  1.1
Dodging        | |  2.1

Action                     || total
---------------------------++-------
  Melee: Unarmed           ||    53
         Punch             ||     1
 Armour: Animal skin       ||    32
  Dodge: Dodged            ||    31

Table legend: (Time is in decaauts)
 A = Elapsed time spent in this place.
 B = Non-inter-level travel time spent in this place.
 C = Inter-level travel time spent in this place.
 D = Time resting spent in this place.
 E = Time spent auto-exploring this place.
 F = Levels seen in this place.
 G = Mean time per level.
                   A        B        C        D        E       F      G
               +--------+--------+--------+--------+--------+-----+--------+
         Total |    403 |    403 |      0 |      0 |    274 |   2 |  201.5 |
       Dungeon |    403 |    403 |      0 |      0 |    274 |   2 |  201.5 |
               +--------+--------+--------+--------+--------+-----+--------+

Top non-repeatable levels by time:
     D:1: 367 daAuts
     D:2: 36 daAuts
